 Dungeon Crawl Stone Soup version 0.14-a0-1719-ga7e7698 (webtiles) character file.

7365 DaftWullie the Slicer (level 11, -1/73 HPs)
             Began as a Kobold Berserker on Dec 1, 2013.
             Was an Elder of Trog.
             Slain by an eight-headed hydra (9 damage)
             ... on Level 2 of the Lair of Beasts on Jan 1, 2014.
             The game lasted 02:12:24 (11501 turns).

DaftWullie the Slicer (Kobold Berserker)           Turns: 11501, Time: 02:12:26

HP  -1/73        AC  9     Str 17      XL: 11   Next: 32%
MP  13/13        EV 21     Int  7      God: Trog [****..]
Gold 165         SH  0     Dex 16      Spells:  0 memorised, 10 levels left

rFire  . . .     SeeInvis .     b - +0 blowgun
rCold  . . .     Clarity  .     h - +2 orc leather armour
rNeg   . . .     Conserve .     (no shield)
rPois  .         rCorr    .     (no helmet)
rElec  .         rRot     .     N - +1 dwarf cloak
SustAb . .       Spirit   .     E - +0 pair of gloves
rMut   .         Warding  .     f - +0 pair of orc boots
Saprov + + .     Stasis   .     (no amulet)
                                w - ring of protection from magic
                                (no ring)

@: quite resistant to hostile enchantments, very stealthy
A: disease resistance, carnivore 3, saprovore 2
a: Burn Spellbooks, Berserk, Trog's Hand, Brothers in Arms, Renounce Religion


You were on level 2 of the Lair of Beasts.
You worshipped Trog.
Trog was greatly pleased with you.
You were very full.

You visited 3 branches of the dungeon, and saw 14 of its levels.

You collected 321 gold pieces.
You spent 156 gold pieces at shops.

Inventory:

Hand weapons
 a - a +3,+0 elven short sword of venom
 b - a +0 blowgun (weapon)
 v - a +1,+8 anti-magic quick blade
 V - a +2,+0 elven short sword
Missiles
 p - 8 darts of frost
 t - 88 darts
 K - 28 poisoned needles (quivered)
Armour
 f - a +0 pair of orcish boots (worn)
 h - a +2 orcish leather armour (worn)
 E - a +0 pair of gloves (worn)
 N - a +1 dwarven cloak (worn)
Magical devices
 x - a wand of heal wounds (2)
 z - a wand of disintegration (9) {unknown}
 A - a wand of lightning (5) {unknown}
 F - a wand of magic darts (2)
 L - a wand of frost (17)
 O - a wand of cold (4)
 S - a wand of magic darts (0)
 T - a wand of frost (7)
 U - a wand of confusion (7)
Comestibles
 c - 5 meat rations
 I - a chunk of hobgoblin flesh
Scrolls
 d - 3 scrolls of remove curse
 i - 3 scrolls of curse armour {unknown}
 j - 2 scrolls of random uselessness {unknown}
 k - a scroll of enchant weapon II {unknown}
 n - 6 scrolls of curse jewellery {unknown}
 o - a scroll of fear {unknown}
 s - a scroll of noise {unknown}
 u - 3 scrolls of magic mapping {unknown}
 B - 5 scrolls of fog
 C - 4 scrolls of enchant weapon I
 H - 5 scrolls of teleportation
 J - 2 scrolls of blinking
 M - a scroll of recharging {unknown}
 W - a scroll of vulnerability {unknown}
 Y - a scroll of immolation {unknown}
Jewellery
 g - an uncursed ring of magical power
 m - an uncursed ring of flight
 w - a ring of protection from magic (right hand)
 D - an uncursed ring of protection from fire
 G - an uncursed ring of teleportation
 Q - an uncursed ring of magical power
Potions
 e - 3 potions of might
 l - a potion of brilliance {unknown}
 q - a potion of heal wounds
 r - 3 potions of curing


   Skills:
 * Level 8.6 Fighting
 * Level 13.9 Short Blades
 - Level 3.6 Throwing
 - Level 1.5 Armour
 + Level 10.9 Dodging
 + Level 6.6 Stealth
 + Level 2.0 Evocations


You had 10 spell levels left.
You didn't know any spells.

Dungeon Overview and Level Annotations

Branches:
Dungeon (11/16)            Temple (1/1) D:6            Lair (2/8) D:10
    Orc: D:9-12

Altars:
Yredelemnul

Shops:
D:5 [   D:8 !

Annotations:
D:5 Eustachio


Innate Abilities, Weirdness & Mutations

You recuperate from illness quickly.
You are small and have problems with some larger weapons.
You are carnivorous and can eat meat at any time.
You can eat rotten meat.


Message History

The eight-headed hydra bites you but does no damage.
The eight-headed hydra bites you. The eight-headed hydra bites you!
The eight-headed hydra bites you but does no damage.
The eight-headed hydra bites you!
The eight-headed hydra completely misses you.
Use which ability? (? or * to list)
Your ogre goes berserk!
You feel somewhat less full.
The eight-headed hydra closely misses you.
The eight-headed hydra bites you but does no damage.
The eight-headed hydra bites you. The eight-headed hydra bites you!
* * * LOW HITPOINT WARNING * * *
The eight-headed hydra bites you.
* * * LOW HITPOINT WARNING * * *
The eight-headed hydra completely misses you.
The eight-headed hydra bites you.
* * * LOW HITPOINT WARNING * * *
The eight-headed hydra bites you!
You die...

####
#O@#
#D##
#S#
#.f
.l##
...
##(#
#(#
#.(


You could see an eight-headed hydra, a water moccasin, a giant gecko and a
friendly ogre (berserk).

Vanquished Creatures
  An unseen horror (D:11)
  A hill giant (D:11)
  Grinder (D:4)
  Prince Ribbit (D:8)
  A polar bear (D:9)
  A hippogriff (D:9)
  A wraith (D:9)
  3 yaks (D:9)
  A merfolk (D:7)
  5 orc warriors
  6 ice beasts
  2 phantoms
  2 ogres
  A centaur (D:11)
  Duvessa (D:6)
  2 wargs (D:10)
  5 giant frogs
  2 elf zombies (D:9)
  A water moccasin (Lair:1)
  3 killer bees (D:11)
  4 wights
  A centaur zombie (D:6)
  4 big fish (D:7)
  3 goliath beetles
  3 hounds
  A gnoll shaman (D:5)
  4 human zombies (D:9)
  7 orc priests
  8 orc wizards
  A centaur skeleton (D:8)
  2 iguanas
  4 scorpions
  A human skeleton (D:9)
  3 worker ants
  A yellow wasp simulacrum (D:9)
  An ogre zombie (D:6)
  A hound skeleton (D:9)
  2 mummies
  15 adders
  12 gnolls
  A giant centipede (D:11)
  An inept feature mimic (D:10)
  5 white imps (D:9)
  2 giant mites
  5 worms
  An adder skeleton (D:7)
  5 giant geckos
  An ooze (D:6)
  25 orcs
  4 giant cockroaches
  14 goblins
  13 hobgoblins
  12 kobolds
  5 quokkas
  A ball python zombie (D:5)
  13 bats
  4 giant newts
  A hobgoblin skeleton (D:6)
  A hobgoblin zombie (D:5)
  2 jackals (D:2)
  A kobold skeleton (D:7)
  An orc skeleton (D:9)
  An orc zombie (D:9)
  15 rats
  A rat zombie (D:5)
  12 ballistomycetes (D:3)
266 creatures vanquished.

Vanquished Creatures (collateral kills)
  2 yaks (D:9)
  Grum (D:8)
  3 wolves (D:8)
  Dowan (D:6)
  3 gnolls (D:11)
  A rat (D:9)
11 creatures vanquished.

Vanquished Creatures (others)
  A two-headed ogre (Lair:2)
  A black bear (D:9)
  An ogre (D:6)
  An orc wizard (D:4)
  An adder (D:3)
  2 giant spores (D:3)
7 creatures vanquished.

Grand Total: 284 creatures vanquished

Notes
Turn   | Place    | Note
--------------------------------------------------------------
     0 | D:1      | DaftWullie, the Kobold Berserker, began the quest for the Orb.
     0 | D:1      | Reached XP level 1. HP: 14/14 MP: 0/0
   356 | D:1      | Reached XP level 2. HP: 19/19 MP: 1/1
   576 | D:1      | Reached XP level 3. HP: 24/24 MP: 2/2
   783 | D:2      | Reached skill level 5 in Short Blades
   831 | D:2      | Upgraded the game from 0.14-a0-1192-g192f278 to 0.14-a0-1590-g25a9b7f
   948 | D:2      | Reached XP level 4. HP: 14/32 MP: 3/3
  1257 | D:2      | Acquired Trog's second power
  1693 | D:2      | Reached XP level 5. HP: 32/37 MP: 4/4
  2671 | D:3      | Reached skill level 6 in Short Blades
  3302 | D:3      | Reached skill level 1 in Throwing
  3302 | D:3      | Reached skill level 5 in Dodging
  3302 | D:3      | Reached skill level 1 in Stealth
  3302 | D:3      | Reached XP level 6. HP: 42/42 MP: 5/5
  3600 | D:4      | Noticed an ogre
  3610 | D:4      | Killed an ogre
  3610 | D:4      | Reached XP level 7. HP: 48/48 MP: 6/6
  3891 | D:4      | Reached skill level 7 in Short Blades
  3992 | D:5      | Entered Level 5 of the Dungeon
  4118 | D:5      | Acquired Trog's third power
  4287 | D:5      | Reached XP level 8. HP: 21/52 MP: 7/7
  4703 | D:5      | Reached skill level 5 in Fighting
  4703 | D:5      | Reached skill level 8 in Short Blades
  4823 | D:5      | Noticed Eustachio
  4825 | D:5      | Upgraded the game from 0.14-a0-1590-g25a9b7f to 0.14-a0-1707-g75daffb
  5429 | D:4      | Noticed Grinder
  5449 | D:4      | Killed Grinder
  5853 | D:5      | Found Usupuidgh's Armour Shop.
  6246 | D:6      | Reached XP level 9. HP: 58/58 MP: 8/8
  6339 | D:6      | Noticed Dowan
  6341 | D:6      | Noticed Duvessa
  6358 | D:6      | Killed Dowan
  6368 | D:6      | Killed Duvessa
  6368 | D:6      | Reached skill level 9 in Short Blades
  6606 | D:6      | Reached skill level 1 in Evocations
  6968 | D:6      | Reached skill level 10 in Short Blades
  7048 | D:6      | Found a staircase to the Ecumenical Temple.
  8005 | D:8      | Noticed Grum
  8016 | D:8      | Killed Grum
  8022 | D:8      | Reached skill level 11 in Short Blades
  8218 | D:8      | Reached XP level 10. HP: 53/65 MP: 11/11
  8386 | D:8      | Noticed Prince Ribbit
  8416 | D:8      | Killed Prince Ribbit
  8416 | D:8      | Received a gift from Trog
  8802 | D:8      | Reached skill level 12 in Short Blades
  9016 | D:8      | Found Skofan's Distillery.
  9019 | D:8      | Bought a potion of degeneration for 26 gold pieces
  9019 | D:8      | Bought a potion of strong poison for 26 gold pieces
  9019 | D:8      | Bought a potion of degeneration for 26 gold pieces
  9019 | D:8      | Bought a potion of lignification for 39 gold pieces
  9019 | D:8      | Bought a potion of heal wounds for 39 gold pieces
  9287 | D:9      | Reached skill level 5 in Stealth
  9593 | D:9      | Noticed a polar bear
  9620 | D:9      | Killed a polar bear
  9620 | D:9      | Reached skill level 10 in Dodging
  9883 | D:10     | Entered Level 10 of the Dungeon
  9943 | D:9      | Found a basalt altar of Yredelemnul.
 10163 | D:9      | Reached skill level 13 in Short Blades
 10318 | D:9      | Reached XP level 11. HP: 28/72 MP: 13/13
 10672 | Temple   | Entered the Ecumenical Temple
 10874 | D:10     | Found a staircase to the Orcish Mines.
 10881 | D:10     | the staircase to the Orcish Mines was a mimic.
 11232 | D:11     | Noticed a hill giant
 11251 | D:11     | Killed a hill giant
 11258 | D:11     | Killed an unseen horror
 11306 | D:11     | Upgraded the game from 0.14-a0-1707-g75daffb to 0.14-a0-1719-ga7e7698
 11418 | D:10     | Found a staircase to the Lair.
 11427 | Lair:1   | Entered Level 1 of the Lair of Beasts
 11489 | Lair:2   | Noticed an eight-headed hydra
 11501 | Lair:2   | Slain by an eight-headed hydra

Action                   |  1- 3 |  4- 6 |  7- 9 | 10-12 || total
-------------------------+-------+-------+-------+-------++-------
Melee: Short sword       |    61 |   357 |   684 |   581 ||  1683
       Quick blade       |       |       |       |    47 ||    47
 Fire: Blowgun           |       |       |     2 |    19 ||    21
Throw: Dart              |     2 |    27 |    78 |    26 ||   133
Invok: Berserk           |     2 |     2 |     7 |     8 ||    19
       Trog's Hand       |       |       |     4 |     1 ||     5
       Brothers in Arms  |       |       |     2 |     4 ||     6
       Burn Spellbooks   |       |       |     1 |       ||     1
Evoke: Wand              |       |       |    10 |     8 ||    18
  Use: Scroll            |       |     7 |     4 |     5 ||    16
       Potion            |       |       |     1 |     1 ||     2
 Stab: Sleeping          |       |     1 |     8 |     8 ||    17
       Distracted        |       |       |       |     2 ||     2
